 Dungeon Crawl Stone Soup version 0.31.0-12-g77e489cdc1 (webtiles) character file.

Game seed: 11356951523209792064

156 BigDaddyOpFi the Digger (level 5, -1/38 (45) HPs)
             Began as a Troll Earth Elementalist on Mar 7, 2024.
             Slain by a kobold brigand
             ... wielding a +0 dagger
              (4 damage)
             ... in a sewer.
             The game lasted 00:04:11 (2436 turns).

BigDaddyOpFi the Digger (Troll Earth Elementalist)  Turns: 2436, Time: 00:04:12

HP:   -1/38 (45)    AC:  5    Str: 16    XL:     5   Next: 15%
MP:   0/6           EV: 10    Int: 13    God:
Gold: 103           SH:  0    Dex: 10    Spells: 3/7 levels left

rFire   + .          .
                       - Unarmed
rCold   + . .        (no shield)
rNeg    . . .        a - +1 robe
rPois   +            (helmet restricted)
rElec   +            (no cloak)
rCorr   +            (gloves unavailable)
SInv    .            (boots unavailable)
Will    .....        (no amulet)
Stlth   ++           (no ring)
HPRegen 1.06/turn    (no ring)
MPRegen 0.10/turn

%: no passive effects
@: resistant, very slightly contaminated, heavily drained
A: large, unfitting armour, claws 3, regeneration 1, shaggy fur 1, tough skin 1
a: no special abilities


You were in a sewer.
You visited 1 branch of the dungeon, and saw 3 of its levels.
You also visited: Sewer.

You collected 103 gold pieces.

Inventory:

Armour
 a - a +1 robe (worn)
Jewellery
 d - a +6 ring of intelligence
Scrolls
 c - a scroll of noise
Potions
 e - a potion of resistance
 f - a potion of lignification {unknown}
 g - a potion of enlightenment {unknown}
 h - a potion of might {unknown}


   Skills:
 + Level 2.4 Dodging
 + Level 1.5 Stealth
 + Level 1.1 Unarmed Combat
 + Level 1.7 Spellcasting
 * Level 1.8 Conjurations
 + Level 3.2 Earth Magic


You had 3 spell levels left.
You knew the following spells:

 Your Spells              Type           Power      Damage    Failure   Level
a - Sandblast             Erth           18%        2d7       7%          1
b - Stone Arrow           Conj/Erth      14%        3d7       28%         3

Your spell library contained the following spells:

 Spells                   Type           Power      Damage    Failure   Level
 Sting                    Conj/Alch      12%        1d3       19%         1
 Passwall                 Erth           9%         N/A       22%         3
 Mercury Vapours          Alch/Air       2%         N/A       36%         2
 Brom's Barrelling Bould  Conj/Erth      7%         2d3       67%         4
 Petrify                  Alch/Erth      5%         N/A       80%         4
 Olgreb's Toxic Radiance  Alch           1%         N/A       95%         4


Dungeon Overview and Level Annotations

Branches:
Dungeon (3/15)              Sewer (1/1)

Altars:


Innate Abilities, Weirdness & Mutations

You are too large for most types of armour.
You have claws for hands.
Your natural rate of healing is unusually fast.
You are covered in fur. (AC +1)
You have tough skin. (AC +1)


Message History

You don't have enough magic to cast this spell.
Magic courses through your body.
You feel sick.
The kobold hits you with a +2 dagger of draining.
You feel drained. The kobold brigand closely misses you.
The kobold closely misses you.
Casting: Stone Arrow (quite dangerous; 28% risk of failure)
Confirm with . or Enter, or press ? or * to list all spells.
Aiming: Stone Arrow (quite dangerous; 28% risk of failure)
Press: ? - help, Shift-Dir - straight line, f/p - kobold brigand
Aim: a kobold brigand, wielding a +0 dagger and quivering poisoned darts (moderately wounded, 55% to hit)
You miscast Stone Arrow.
Nothing appears to happen.
You feel sick. The kobold barely misses you.
The kobold hits you with a +2 dagger of draining.
You feel drained. The kobold brigand misses you.
Unknown command.
Casting: Stone Arrow (quite dangerous; 28% risk of failure)
Confirm with . or Enter, or press ? or * to list all spells.
Aiming: Stone Arrow (quite dangerous; 28% risk of failure)
Press: ? - help, Shift-Dir - straight line, f/p - kobold brigand
Aim: a kobold brigand, wielding a +0 dagger and quivering poisoned darts (moderately wounded, 55% to hit)
You miscast Stone Arrow.
You feel a strange surge of energy!
* * * LOW HITPOINT WARNING * * *
You feel sick.
The kobold brigand hits you but does no damage.
The kobold hits you but does no damage.
You feel drained.
The kobold hits you with a +0 short sword.
* * * LOW HITPOINT WARNING * * *
Unknown command.
Unknown command.
You feel protected.
You feel sick.
You are no longer poisoned.
The kobold hits you with a +0 short sword.
* * * LOW HITPOINT WARNING * * *
The kobold hits you with a +2 dagger of draining.
* * * LOW HITPOINT WARNING * * *
You feel drained.
* * * LOW HITPOINT WARNING * * *
The kobold brigand hits you with a +0 dagger.
You die...

#...#≈≈≈#
#∩∩.#~≈~#
#...'~~~#
######~≈~#
#....#~≈~#
#..∩.#~≈~#
#.?.[#~≈~#
#KK!!#~≈~#
##@K##~~~#
#....#~≈~#
###...P#~≈~#
#....~~~~≈~#
##...P~~~≈~#
#...~P#~≈~#
#....~~#~~~#
#......#~≈~#
#......#~≈~~~


You could see a kobold brigand and 2 kobolds.

Vanquished Creatures
  An orc priest (D:3)
  Robin (D:2)
  3 adders
  3 dart slugs
  A ribbon worm (D:3)
  5 orcs
  2 endoplasms
  6 giant cockroaches
  10 goblins
  8 hobgoblins
  3 jackals (D:1)
  3 quokkas
  4 ball pythons
  7 bats
  2 frilled lizards (D:1)
  8 kobolds
  5 rats
72 creatures vanquished.

Notes
Turn   | Place    | Note
-------+----------+-------------------------------------------
     0 | D:1      | BigDaddyOpFi the Troll Earth Elementalist began the quest
                  | for the Orb.
     0 | D:1      | Reached XP level 1. HP: 16/16 MP: 1/1
    70 | D:1      | Reached XP level 2. HP: 24/24 MP: 0/3
   214 | D:1      | Reached skill level 1 in Conjurations
   643 | D:1      | Reached XP level 3. HP: 30/31 MP: 4/4
   647 | D:1      | Learned a level 3 spell: Stone Arrow
  1024 | D:2      | Reached skill level 3 in Earth Magic
  1145 | D:2      | Noticed Robin
  1168 | D:2      | Killed Robin
  1169 | D:2      | Reached XP level 4. HP: 39/39 MP: 2/5
  1558 | D:2      | Identified the +8 spear "Foyr" {spect, Fly Will+ Str-3}
  1652 | D:2      | Identified the +2 dagger "Cungae" {flame, Will+}
  2231 | D:3      | Reached skill level 1 in Unarmed Combat
  2231 | D:3      | Reached XP level 5. HP: 35/45 MP: 6/6
  2364 | D:3      | Found a glowing drain.
  2404 | Sewer    | Entered a sewer
  2436 | Sewer    | Slain by a kobold brigand

Illustrated notes

Levels and vault maps discovered:
D:1:      minmay_arrival_floating_metal, layout_loops_cross,
          corexii_leaking_fountain
D:2:      layout_basic, chequers_serial_rivers_large_b, uniq_robin
D:3:      layout_loops_ring, portal_sewer_entry_b
Sewer:    kennysheep_pipe_town

Skill      XL: |  1  2  3  4 |
---------------+-------------+-----
Conjurations   | 1 |  1.8
Dodging        | 2 |  2.4
Earth Magic    | 3 |  3.2
Unarmed Combat | 1 |  1.1
Stealth        | |  1.5
Spellcasting   | |  1.7

Action                     |  1- 3 |  4- 6 || total
---------------------------+-------+-------++-------
  Melee: Unarmed           |    51 |    86 ||   137
         Punch             |     1 |     1 ||     2
   Cast: Sandblast         |    39 |     9 ||    48
         Stone Arrow       |       |     2 ||     2
    Use: Potion            |     1 |     2 ||     3
         Scroll            |       |     3 ||     3
   Stab: Sleeping          |     1 |       ||     1
 Armour: Robe              |    37 |   125 ||   162
  Dodge: Dodged            |    25 |   108 ||   133
